[ AOE2 MATCH · #467922376 ]
Team RMHuns vs Japanese
[ REPLAY ANALYSIS · EXTRACTED FROM THE RECORDED GAME ]
Feudal
14:17
Castle
23:54
Imperial
40:12
| APM avg | 10.7 |
| APM peak | 48 |
| eAPM avg | 9.3 |
| Villagers / military | 108 / 238 |
Focus
⚔️ 30.2% · 🌾 69.8%
Tarkan ×83 · Skirmisher ×79 · Cavalry Archer ×65 · Trade Cart ×12 · Spearman ×5 · Trebuchet (Packed) ×5
Feudal
12:38
Castle
27:09
Imperial
—
| APM avg | 6.7 |
| APM peak | 16 |
| eAPM avg | 5.8 |
| Villagers / military | 87 / 231 |
Focus
⚔️ 28.8% · 🌾 71.2%
Samurai ×231 · Trade Cart ×7
Feudal
10:21
Castle
19:44
Imperial
35:22
| APM avg | 15.7 |
| APM peak | 41 |
| eAPM avg | 11.1 |
| Villagers / military | 109 / 111 |
Focus
⚔️ 33.8% · 🌾 66.2%
Mangudai ×81 · Trade Cart ×14 · Steppe Lancer ×14 · Mangonel ×10 · Monk ×4 · Spearman ×2
Feudal
—
Castle
—
Imperial
—
| APM avg | 3.5 |
| APM peak | 29 |
| eAPM avg | 1.9 |
| Villagers / military | 37 / 0 |
Focus
⚔️ 7.6% · 🌾 92.4%
Fishing Ship ×6
Feudal
11:22
Castle
21:13
Imperial
35:56
| APM avg | 10.8 |
| APM peak | 23 |
| eAPM avg | 9.7 |
| Villagers / military | 178 / 288 |
Focus
⚔️ 29.6% · 🌾 70.4%
Militia ×157 · Skirmisher ×118 · Trade Cart ×22 · Battering Ram ×7 · Spearman ×5 · Monk ×1
Feudal
11:58
Castle
19:21
Imperial
31:35
| APM avg | 15.5 |
| APM peak | 32 |
| eAPM avg | 12.6 |
| Villagers / military | 90 / 224 |
Focus
⚔️ 45.8% · 🌾 54.2%
Berserk ×141 · Battering Ram ×56 · Archer ×27 · Trade Cart ×10
Match map
Initial resources + every placement click. Lines = walls · curves = elevation contours. ◆ gold · ⬟ stone · ● berries · ✦ relic · ◌ wall gap
Your base· ✓ Closed at 23:54 · 26t walls · no gate
nikste358's base· ✓ Closed at 27:09 · 41t walls · no gate
scheffler577's base· ✓ Closed at 19:44 · 27t walls · 1 gate(s)
Chewbacca's base· ✓ Closed at 12:00 · 0t walls · no gate
HatedNorwegian's base· ✓ Closed at 21:13 · 47t walls · 5 gate(s)
MONA's base· ✓ Closed at 19:21 · 0t walls · no gate
Smoothed initial terrain · ◌ = detected wall gap · hover for details
Inputs per minute
— A P - - nikste358
Build order — A P
First 150 of 300 actions detected
| 0:55 | Create | Villager (Male) |
| 0:56 | Create | Villager (Male) |
| 0:56 | Create | Villager (Male) |
| 0:56 | Create | Villager (Male) |
| 0:56 | Create | Villager (Male) |
| 1:15 | Research | Loom |
| 2:01 | Create | Villager (Male) |
| 2:40 | Build | Palisade Wall |
| 2:49 | Create | Villager (Male) |
| 2:49 | Create | Villager (Male) |
| 3:44 | Build | Palisade Wall |
| 4:11 | Create | Villager (Male) |
| 4:12 | Create | Villager (Male) |
| 4:12 | Create | Villager (Male) |
| 5:18 | Build | Palisade Wall |
| 5:20 | Create | Villager (Male) |
| 5:21 | Create | Villager (Male) |
| 5:21 | Create | Villager (Male) |
| 5:21 | Create | Villager (Male) |
| 5:35 | Create | Villager (Male) |
| 5:35 | Create | Villager (Male) |
| 6:00 | Create | Villager (Male) |
| 6:00 | Create | Villager (Male) |
| 7:26 | Create | Villager (Male) |
| 7:26 | Create | Villager (Male) |
| 7:27 | Create | Villager (Male) |
| 8:00 | Build | Mining Camp |
| 8:15 | Create | Villager (Male) |
| 8:16 | Create | Villager (Male) |
| 8:44 | Build | Mill |
| 8:49 | Create | Villager (Male) |
| 8:50 | Create | Villager (Male) |
| 9:02 | Create | Villager (Male) |
| 9:02 | Create | Villager (Male) |
| 10:13 | Create | Villager (Male) |
| 10:21 | Build | Lumber Camp |
| 11:09 | Build | Farm |
| 11:18 | Build | Farm |
| 11:23 | Create | Villager (Male) |
| 12:07 | Research | Feudal Age |
| 12:14 | Build | Farm |
| 12:38 | Build | Farm |
| 12:39 | Build | Farm |
| 12:42 | Build | Farm |
| 12:50 | Build | Farm |
| 12:51 | Build | Farm |
| 13:07 | Build | Farm |
| 14:17 | Age | Feudal Age |
| 14:19 | Research | Double-Bit Axe |
| 14:22 | Research | Horse Collar |
| 14:26 | Research | Wheelbarrow |
| 14:28 | Create | Villager (Male) |
| 14:28 | Create | Villager (Male) |
| 14:49 | Build | Watch Tower |
| 16:30 | Build | Stone Wall |
| 16:36 | Create | Villager (Male) |
| 16:37 | Create | Villager (Male) |
| 16:48 | Build | Mining Camp |
| 16:59 | Build | Mining Camp |
| 17:00 | Create | Villager (Male) |
| 17:30 | Build | Market |
| 17:39 | Build | Market |
| 17:57 | Create | Villager (Male) |
| 17:57 | Create | Villager (Male) |
| 18:05 | Research | Stone Mining |
| 18:09 | Research | Gold Mining |
| 18:11 | Research | Stone Mining |
| 18:34 | Build | Blacksmith |
| 18:42 | Research | Town Watch |
| 19:10 | Build | Outpost |
| 19:27 | Create | Villager (Male) |
| 19:43 | Build | Barracks |
| 19:46 | Create | Villager (Male) |
| 19:56 | Build | Outpost |
| 20:05 | Create | Villager (Male) |
| 20:05 | Create | Villager (Male) |
| 20:25 | Build | Farm |
| 20:43 | Build | Mining Camp |
| 20:52 | Build | Farm |
| 21:09 | Build | Archery Range |
| 21:14 | Research | Castle Age |
| 21:20 | Build | Farm |
| 21:40 | Create | Trade Cart |
| 21:41 | Create | Trade Cart |
| 22:20 | Research | Fletching |
| 22:31 | Build | Mining Camp |
| 22:36 | Create | Skirmisher ×5 |
| 22:44 | Create | Spearman ×4 |
| 23:29 | Create | Spearman |
| 23:44 | Build | Farm |
| 23:54 | Age | Castle Age |
| 23:54 | Build | Farm |
| 23:58 | Create | Villager (Male) |
| 23:58 | Create | Villager (Male) |
| 24:06 | Build | Farm |
| 24:34 | Build | Castle |
| 24:41 | Build | Farm |
| 24:46 | Create | Villager (Male) |
| 24:46 | Create | Villager (Male) |
| 24:51 | Research | Bow Saw |
| 25:12 | Create | Villager (Male) |
| 25:57 | Create | Villager (Male) |
| 26:08 | Build | Town Center |
| 26:19 | Create | Villager (Male) |
| 26:19 | Create | Villager (Male) |
| 26:37 | Build | Monastery |
| 27:01 | Create | Villager (Male) |
| 27:01 | Create | Villager (Male) |
| 27:26 | Build | University |
| 27:35 | Create | Villager (Male) |
| 27:35 | Create | Villager (Male) |
| 27:38 | Create | Villager (Male) |
| 27:38 | Create | Villager (Male) |
| 27:38 | Create | Villager (Male) |
| 27:40 | Create | Villager (Male) |
| 27:40 | Create | Villager (Male) |
| 28:20 | Create | Monk |
| 28:48 | Build | Stable |
| 28:50 | Build | Stable |
| 28:59 | Create | Villager (Male) |
| 28:59 | Create | Villager (Male) |
| 29:02 | Create | Villager (Male) |
| 29:02 | Create | Villager (Male) |
| 29:07 | Research | Hand Cart |
| 29:51 | Build | Town Center |
| 30:09 | Build | Town Center |
| 30:19 | Build | Farm |
| 30:23 | Build | Farm |
| 30:37 | Build | Mining Camp |
| 30:43 | Research | Ballistics |
| 30:45 | Research | Masonry |
| 30:50 | Create | Villager (Male) |
| 30:50 | Create | Villager (Male) |
| 30:51 | Create | Villager (Male) |
| 30:51 | Create | Villager (Male) |
| 30:51 | Create | Villager (Male) |
| 30:52 | Create | Villager (Male) |
| 30:54 | Create | Villager (Male) |
| 30:55 | Create | Villager (Male) |
| 31:18 | Create | Trade Cart |
| 31:18 | Create | Trade Cart |
| 31:29 | Build | Farm |
| 31:44 | Build | Farm |
| 31:47 | Build | Farm |
| 31:50 | Build | Farm |
| 32:01 | Build | Farm |
| 32:07 | Build | Farm |
| 32:08 | Build | Farm |
| 32:18 | Build | Farm |
| 32:26 | Create | Villager (Male) |
Build order — nikste358
First 150 of 196 actions detected
| 0:08 | Create | Villager (Male) |
| 0:09 | Create | Villager (Male) |
| 0:09 | Create | Villager (Male) |
| 0:09 | Create | Villager (Male) |
| 0:09 | Create | Villager (Male) |
| 0:18 | Build | House |
| 0:20 | Build | House |
| 0:21 | Build | House |
| 0:23 | Build | House |
| 1:18 | Build | Palisade Wall |
| 1:42 | Create | Villager (Male) |
| 2:37 | Create | Villager (Male) |
| 3:30 | Create | Villager (Male) |
| 3:31 | Create | Villager (Male) |
| 3:52 | Create | Villager (Male) |
| 4:33 | Build | Mill |
| 6:15 | Create | Villager (Male) |
| 6:38 | Create | Villager (Male) |
| 7:09 | Build | Palisade Wall |
| 7:29 | Create | Villager (Male) |
| 7:30 | Create | Villager (Male) |
| 7:30 | Create | Villager (Male) |
| 7:33 | Create | Villager (Male) |
| 7:35 | Create | Villager (Male) |
| 8:07 | Create | Villager (Male) |
| 8:07 | Create | Villager (Male) |
| 9:21 | Build | Lumber Camp |
| 10:04 | Build | Outpost |
| 10:28 | Research | Feudal Age |
| 10:55 | Build | Barracks |
| 11:46 | Create | Villager (Male) |
| 11:46 | Create | Villager (Male) |
| 11:46 | Create | Villager (Male) |
| 11:47 | Create | Villager (Male) |
| 11:47 | Create | Villager (Male) |
| 11:47 | Create | Villager (Male) |
| 11:47 | Create | Villager (Male) |
| 12:38 | Age | Feudal Age |
| 12:43 | Build | Market |
| 12:48 | Create | Villager (Male) |
| 13:08 | Research | Horse Collar |
| 14:07 | Build | Blacksmith |
| 14:21 | Build | Mining Camp |
| 15:24 | Build | House |
| 15:26 | Build | House |
| 15:27 | Build | House |
| 15:28 | Build | House |
| 16:51 | Build | Mining Camp |
| 16:57 | Create | Villager (Male) |
| 16:57 | Create | Villager (Male) |
| 17:34 | Build | House |
| 17:35 | Build | House |
| 17:37 | Build | House |
| 17:38 | Build | House |
| 17:39 | Build | House |
| 17:40 | Build | House |
| 17:48 | Create | Villager (Male) ×3 |
| 18:09 | Build | Stone Wall |
| 18:23 | Build | Farm |
| 18:33 | Build | Farm |
| 18:35 | Build | Farm |
| 18:36 | Build | Farm |
| 18:38 | Build | Farm |
| 18:45 | Build | Farm |
| 18:47 | Build | Farm |
| 18:49 | Build | Farm |
| 18:50 | Build | Farm |
| 18:51 | Build | Farm |
| 18:52 | Build | Farm |
| 18:59 | Research | Double-Bit Axe |
| 19:42 | Create | Villager (Male) |
| 20:55 | Build | Farm |
| 21:03 | Create | Villager (Male) |
| 21:03 | Create | Villager (Male) |
| 21:04 | Create | Villager (Male) |
| 21:07 | Create | Villager (Male) |
| 21:07 | Create | Villager (Male) |
| 22:04 | Build | Farm |
| 22:05 | Build | Farm |
| 22:29 | Build | Farm |
| 22:48 | Create | Trade Cart ×5 |
| 22:49 | Create | Trade Cart ×2 |
| 23:55 | Build | Farm |
| 24:27 | Build | Farm |
| 24:29 | Research | Castle Age |
| 25:14 | Research | Wheelbarrow |
| 26:22 | Create | Villager (Male) ×5 |
| 27:09 | Age | Castle Age |
| 27:13 | Build | Castle |
| 27:37 | Create | Villager (Male) ×5 |
| 28:24 | Research | Stone Mining |
| 28:24 | Research | Gold Mining |
| 28:30 | Research | Bow Saw |
| 28:33 | Research | Heavy Plow |
| 29:21 | Build | Farm |
| 29:22 | Build | Farm |
| 29:25 | Build | Farm |
| 29:27 | Build | Farm |
| 29:32 | Create | Samurai ×5 |
| 29:32 | Create | Samurai ×5 |
| 29:32 | Create | Samurai ×5 |
| 30:10 | Research | Forging |
| 30:12 | Research | Scale Mail Armor |
| 30:50 | Build | Town Center |
| 31:38 | Create | Samurai ×5 |
| 31:38 | Create | Samurai ×5 |
| 31:38 | Create | Samurai ×5 |
| 31:38 | Create | Samurai ×4 |
| 32:43 | Build | Castle |
| 33:17 | Create | Villager (Male) ×5 |
| 33:21 | Create | Villager (Male) ×5 |
| 34:37 | Build | Town Center |
| 35:00 | Build | Mining Camp |
| 35:05 | Create | Samurai ×5 |
| 35:05 | Create | Samurai ×5 |
| 35:06 | Create | Samurai ×5 |
| 35:06 | Create | Samurai ×5 |
| 35:06 | Create | Samurai ×5 |
| 35:41 | Research | Iron Casting |
| 35:55 | Create | Villager (Male) ×4 |
| 35:55 | Create | Villager (Male) ×4 |
| 36:56 | Create | Samurai ×5 |
| 36:56 | Create | Samurai ×5 |
| 36:57 | Create | Samurai ×2 |
| 36:57 | Create | Samurai ×2 |
| 37:51 | Build | House |
| 37:52 | Build | House |
| 37:53 | Build | House |
| 37:54 | Build | House |
| 37:54 | Build | House |
| 38:00 | Build | House |
| 39:03 | Create | Samurai ×5 |
| 39:03 | Create | Samurai ×5 |
| 39:03 | Create | Samurai ×5 |
| 39:04 | Create | Samurai ×5 |
| 39:04 | Create | Samurai ×5 |
| 39:04 | Create | Samurai |
| 40:23 | Create | Samurai ×5 |
| 40:23 | Create | Samurai ×5 |
| 40:23 | Create | Samurai ×5 |
| 40:40 | Build | Mining Camp |
| 41:28 | Build | Mining Camp |
| 41:30 | Create | Villager (Male) ×5 |
| 41:31 | Create | Villager (Male) ×5 |
| 41:31 | Create | Villager (Male) |
| 41:41 | Build | Farm |
| 42:33 | Build | Farm |
| 42:35 | Build | Farm |
| 42:37 | Build | Farm |
| 42:38 | Build | Farm |
Build order — scheffler577
First 150 of 381 actions detected
| 0:15 | Build | House |
| 0:19 | Create | Villager (Male) |
| 0:19 | Create | Villager (Male) |
| 0:19 | Create | Villager (Male) |
| 0:23 | Research | Loom |
| 0:24 | Create | Villager (Male) |
| 0:24 | Create | Villager (Male) |
| 0:24 | Create | Villager (Male) |
| 0:24 | Create | Villager (Male) |
| 0:25 | Create | Villager (Male) |
| 0:46 | Build | Palisade Wall |
| 1:32 | Build | Mill |
| 2:01 | Build | House |
| 2:28 | Build | House |
| 3:08 | Build | House |
| 3:11 | Create | Villager (Male) |
| 3:39 | Create | Villager (Male) |
| 3:39 | Create | Villager (Male) |
| 4:09 | Create | Villager (Male) |
| 4:43 | Create | Villager (Male) |
| 4:43 | Create | Villager (Male) |
| 6:08 | Build | Lumber Camp |
| 6:15 | Create | Villager (Male) |
| 6:15 | Create | Villager (Male) |
| 7:19 | Create | Villager (Male) |
| 7:54 | Build | Mill |
| 8:11 | Research | Feudal Age |
| 8:33 | Create | Villager (Male) |
| 8:33 | Create | Villager (Male) |
| 8:34 | Create | Villager (Male) |
| 8:34 | Create | Villager (Male) |
| 10:21 | Age | Feudal Age |
| 10:44 | Research | Double-Bit Axe |
| 10:57 | Build | Stone Wall |
| 11:04 | Build | Gate |
| 12:18 | Build | Mill |
| 12:20 | Create | Villager (Male) |
| 12:20 | Create | Villager (Male) |
| 12:31 | Build | Market |
| 12:42 | Build | Blacksmith |
| 12:51 | Build | House |
| 12:51 | Build | House |
| 12:52 | Build | House |
| 13:35 | Build | Mining Camp |
| 13:37 | Create | Villager (Male) |
| 13:37 | Create | Villager (Male) |
| 13:38 | Create | Villager (Male) |
| 13:54 | Build | Farm |
| 14:29 | Create | Villager (Male) |
| 14:29 | Create | Villager (Male) |
| 14:38 | Build | Farm |
| 14:43 | Build | Farm |
| 15:25 | Build | Farm |
| 15:37 | Build | Farm |
| 15:38 | Build | Farm |
| 15:45 | Create | Villager (Male) |
| 15:47 | Research | Wheelbarrow |
| 16:07 | Build | Lumber Camp |
| 16:27 | Build | House |
| 16:28 | Build | House |
| 16:34 | Build | Barracks |
| 17:04 | Research | Castle Age |
| 17:29 | Build | Mining Camp |
| 17:55 | Research | Stone Mining |
| 18:39 | Research | Horse Collar |
| 18:54 | Build | Stable |
| 19:12 | Create | Villager (Male) |
| 19:12 | Create | Villager (Male) |
| 19:13 | Create | Villager (Male) |
| 19:13 | Create | Villager (Male) |
| 19:30 | Build | Farm |
| 19:41 | Build | Farm |
| 19:44 | Age | Castle Age |
| 19:52 | Research | Fletching |
| 20:02 | Build | Town Center |
| 20:21 | Create | Spearman |
| 20:22 | Create | Spearman |
| 20:44 | Create | Villager (Male) |
| 21:41 | Create | Villager (Male) |
| 21:41 | Create | Villager (Male) |
| 21:41 | Create | Villager (Male) |
| 21:41 | Create | Villager (Male) |
| 21:58 | Build | Town Center |
| 22:08 | Create | Villager (Male) |
| 22:09 | Create | Villager (Male) |
| 22:38 | Build | Castle |
| 22:43 | Create | Villager (Male) |
| 22:43 | Create | Villager (Male) |
| 22:43 | Create | Villager (Male) |
| 23:17 | Build | University |
| 23:49 | Create | Villager (Male) |
| 23:49 | Create | Villager (Male) |
| 23:55 | Create | Villager (Male) |
| 23:56 | Create | Villager (Male) |
| 24:08 | Build | Lumber Camp |
| 24:19 | Create | Villager (Male) |
| 24:19 | Create | Villager (Male) |
| 24:19 | Create | Villager (Male) |
| 24:20 | Create | Villager (Male) |
| 24:51 | Build | Farm |
| 24:55 | Build | Farm |
| 25:01 | Create | Villager (Male) |
| 25:01 | Create | Villager (Male) |
| 25:01 | Create | Villager (Male) |
| 25:05 | Create | Villager (Male) |
| 25:06 | Create | Villager (Male) |
| 25:19 | Build | Farm |
| 25:24 | Create | Mangudai |
| 25:24 | Create | Mangudai |
| 25:25 | Create | Mangudai |
| 25:46 | Build | Farm |
| 25:58 | Create | Mangudai |
| 26:03 | Create | Villager (Male) |
| 26:03 | Create | Villager (Male) |
| 26:03 | Create | Villager (Male) |
| 26:11 | Create | Villager (Male) |
| 26:11 | Create | Villager (Male) |
| 26:24 | Build | Lumber Camp |
| 26:39 | Create | Mangudai |
| 26:40 | Create | Mangudai |
| 27:34 | Build | Farm |
| 27:36 | Build | Farm |
| 27:37 | Build | Farm |
| 27:38 | Build | Farm |
| 27:48 | Build | Farm |
| 27:49 | Build | Farm |
| 27:50 | Build | Farm |
| 28:05 | Research | Murder Holes |
| 28:15 | Research | Murder Holes |
| 28:16 | Research | Ballistics |
| 28:28 | Create | Villager (Male) |
| 28:28 | Create | Villager (Male) |
| 28:28 | Create | Villager (Male) |
| 28:34 | Create | Villager (Male) |
| 28:34 | Create | Villager (Male) |
| 28:35 | Create | Villager (Male) |
| 28:41 | Build | Farm |
| 28:50 | Create | Villager (Male) |
| 28:50 | Create | Villager (Male) |
| 28:51 | Create | Villager (Male) |
| 28:58 | Create | Trade Cart |
| 28:58 | Create | Trade Cart |
| 29:23 | Build | Siege Workshop |
| 29:49 | Research | Hand Cart |
| 29:55 | Create | Villager (Male) |
| 29:55 | Create | Villager (Male) |
| 29:55 | Create | Villager (Male) |
| 30:04 | Research | Bow Saw |
| 30:12 | Build | Farm |
| 30:22 | Build | Siege Workshop |
Build order — Chewbacca
40 actions detected in the replay
| 0:02 | Create | Villager (Male) ×4 |
| 0:03 | Create | Villager (Male) ×4 |
| 0:06 | Build | House |
| 0:07 | Build | House |
| 0:08 | Build | House |
| 0:09 | Build | House |
| 1:44 | Create | Villager (Male) |
| 2:02 | Create | Villager (Male) |
| 2:02 | Create | Villager (Male) |
| 2:30 | Create | Villager (Male) |
| 2:42 | Create | Villager (Male) |
| 2:42 | Create | Villager (Male) |
| 3:34 | Create | Villager (Male) |
| 3:35 | Create | Villager (Male) |
| 3:35 | Create | Villager (Male) |
| 3:49 | Create | Villager (Male) |
| 4:21 | Build | Mill |
| 4:26 | Create | Villager (Male) ×2 |
| 5:03 | Build | Lumber Camp |
| 5:07 | Create | Villager (Male) |
| 5:18 | Create | Villager (Male) |
| 6:25 | Create | Villager (Male) |
| 6:34 | Build | House |
| 6:35 | Build | House |
| 6:36 | Build | House |
| 6:37 | Build | House |
| 6:50 | Research | Loom |
| 7:17 | Create | Villager (Male) |
| 7:18 | Create | Villager (Male) |
| 7:18 | Create | Villager (Male) |
| 7:18 | Create | Villager (Male) |
| 7:18 | Create | Villager (Male) |
| 7:38 | Create | Villager (Male) ×4 |
| 8:42 | Build | Dock |
| 9:05 | Build | Mining Camp |
| 10:29 | Create | Fishing Ship |
| 10:29 | Create | Fishing Ship |
| 10:49 | Create | Villager (Male) ×5 |
| 11:07 | Build | Mining Camp |
| 11:16 | Create | Fishing Ship ×4 |
Build order — HatedNorwegian
First 150 of 364 actions detected
| 0:03 | Create | Villager (Male) ×4 |
| 0:08 | Build | House |
| 0:09 | Build | House |
| 0:34 | Research | Loom |
| 0:34 | Create | Villager (Male) |
| 0:34 | Create | Villager (Male) |
| 1:34 | Create | Villager (Male) |
| 1:45 | Build | Palisade Wall |
| 1:48 | Build | Palisade Gate |
| 2:25 | Create | Villager (Male) |
| 2:41 | Build | House |
| 2:47 | Build | House |
| 3:02 | Create | Villager (Male) |
| 3:35 | Create | Villager (Male) |
| 3:52 | Create | Villager (Male) |
| 3:53 | Create | Villager (Male) |
| 4:13 | Create | Villager (Male) |
| 4:55 | Create | Villager (Male) |
| 5:02 | Build | Mill |
| 5:06 | Create | Villager (Male) |
| 5:41 | Create | Villager (Male) |
| 6:01 | Create | Villager (Male) |
| 6:08 | Create | Villager (Male) |
| 6:30 | Create | Villager (Male) |
| 6:39 | Build | Lumber Camp |
| 7:23 | Create | Villager (Male) |
| 7:56 | Build | House |
| 7:59 | Build | House |
| 8:01 | Build | House |
| 8:09 | Create | Villager (Male) |
| 8:26 | Create | Villager (Male) |
| 9:12 | Research | Feudal Age |
| 9:28 | Build | Mill |
| 9:39 | Create | Villager (Male) |
| 10:04 | Create | Villager (Male) |
| 11:22 | Age | Feudal Age |
| 11:38 | Build | Lumber Camp |
| 11:42 | Create | Villager (Male) |
| 11:52 | Build | Farm |
| 11:58 | Create | Villager (Male) |
| 12:19 | Build | Farm |
| 12:21 | Build | Farm |
| 12:26 | Create | Villager (Male) |
| 12:45 | Research | Double-Bit Axe |
| 12:59 | Build | Farm |
| 13:05 | Create | Villager (Male) |
| 13:28 | Research | Horse Collar |
| 13:44 | Build | Stone Wall |
| 13:48 | Build | Gate |
| 13:58 | Build | Farm |
| 13:59 | Create | Villager (Male) |
| 13:59 | Create | Villager (Male) |
| 14:16 | Build | Market |
| 14:24 | Create | Villager (Male) |
| 14:31 | Build | Farm |
| 14:55 | Build | Farm |
| 14:59 | Create | Villager (Male) |
| 15:21 | Build | Mining Camp |
| 15:22 | Create | Villager (Male) |
| 15:23 | Create | Villager (Male) |
| 15:58 | Create | Villager (Male) |
| 16:22 | Create | Villager (Male) |
| 16:34 | Build | Mining Camp |
| 16:42 | Build | Market |
| 16:49 | Build | Lumber Camp |
| 17:17 | Build | House |
| 17:22 | Build | House |
| 17:24 | Build | House |
| 17:26 | Build | House |
| 17:30 | Build | House |
| 17:32 | Build | House |
| 17:39 | Build | Farm |
| 17:40 | Create | Villager (Male) |
| 17:41 | Create | Villager (Male) |
| 17:49 | Build | Blacksmith |
| 18:08 | Create | Villager (Male) |
| 18:15 | Build | Farm |
| 18:21 | Research | Castle Age |
| 18:25 | Research | Gold Mining |
| 19:13 | Create | Trade Cart |
| 19:13 | Create | Trade Cart |
| 19:56 | Build | Stone Wall |
| 20:01 | Build | Gate |
| 20:09 | Build | Stone Wall |
| 20:13 | Build | Gate |
| 20:26 | Build | Gate |
| 20:33 | Create | Trade Cart |
| 20:33 | Create | Trade Cart |
| 20:39 | Create | Villager (Male) |
| 20:39 | Create | Villager (Male) |
| 20:42 | Research | Stone Mining |
| 21:13 | Age | Castle Age |
| 21:36 | Create | Villager (Male) |
| 21:43 | Build | Farm |
| 21:46 | Create | Villager (Male) |
| 21:55 | Build | Town Center |
| 22:02 | Create | Villager (Male) |
| 22:09 | Build | Farm |
| 22:11 | Create | Villager (Male) |
| 22:21 | Create | Trade Cart |
| 22:21 | Create | Trade Cart |
| 22:24 | Create | Trade Cart |
| 22:29 | Create | Villager (Male) |
| 22:31 | Research | Bow Saw |
| 22:35 | Research | Heavy Plow |
| 22:42 | Build | Town Center |
| 23:07 | Create | Villager (Male) ×5 |
| 23:14 | Create | Villager (Male) ×5 |
| 23:47 | Create | Villager (Male) ×3 |
| 24:16 | Create | Villager (Male) ×2 |
| 24:27 | Create | Villager (Male) ×2 |
| 24:39 | Build | Lumber Camp |
| 24:53 | Build | Farm |
| 24:54 | Build | Farm |
| 24:59 | Build | Farm |
| 25:08 | Create | Villager (Male) ×3 |
| 25:29 | Build | Farm |
| 25:31 | Build | Farm |
| 25:34 | Build | Farm |
| 25:41 | Build | Farm |
| 25:42 | Build | Farm |
| 25:47 | Create | Villager (Male) ×2 |
| 26:04 | Create | Villager (Male) ×2 |
| 26:07 | Build | Farm |
| 26:16 | Create | Trade Cart ×5 |
| 26:23 | Build | Farm |
| 26:26 | Create | Villager (Male) |
| 26:26 | Create | Villager (Male) |
| 26:26 | Create | Villager (Male) |
| 26:35 | Build | Farm |
| 26:38 | Build | Farm |
| 26:39 | Build | Farm |
| 26:45 | Create | Villager (Male) ×3 |
| 26:55 | Build | Farm |
| 27:24 | Build | House |
| 27:25 | Build | House |
| 27:26 | Build | House |
| 27:27 | Build | House |
| 27:28 | Build | House |
| 27:29 | Build | House |
| 27:30 | Build | House |
| 27:32 | Build | House |
| 27:33 | Build | House |
| 27:34 | Build | House |
| 27:35 | Build | House |
| 27:36 | Build | House |
| 27:48 | Build | Barracks |
| 27:49 | Build | Barracks |
| 27:53 | Build | Barracks |
| 27:54 | Build | Barracks |
Build order — MONA
First 150 of 452 actions detected
| 0:04 | Build | House |
| 0:05 | Build | House |
| 0:06 | Research | Loom |
| 0:06 | Research | Loom |
| 0:07 | Create | Villager (Male) |
| 0:08 | Create | Villager (Male) |
| 0:08 | Create | Villager (Male) |
| 0:16 | Create | Villager (Male) |
| 0:16 | Create | Villager (Male) |
| 0:41 | Build | House |
| 0:42 | Build | House |
| 1:48 | Create | Villager (Male) |
| 2:28 | Build | Mill |
| 2:29 | Research | Loom |
| 2:31 | Create | Villager (Male) |
| 2:31 | Create | Villager (Male) |
| 2:45 | Create | Villager (Male) |
| 3:32 | Create | Villager (Male) |
| 3:33 | Create | Villager (Male) |
| 3:33 | Create | Villager (Male) |
| 4:02 | Create | Villager (Male) |
| 4:02 | Create | Villager (Male) |
| 4:29 | Create | Villager (Male) |
| 4:44 | Create | Villager (Male) |
| 5:29 | Create | Villager (Male) |
| 5:29 | Create | Villager (Male) |
| 5:30 | Create | Villager (Male) |
| 5:52 | Create | Villager (Male) |
| 5:53 | Create | Villager (Male) |
| 6:06 | Create | Villager (Male) |
| 6:46 | Create | Villager (Male) |
| 6:47 | Create | Villager (Male) |
| 7:16 | Build | Lumber Camp |
| 8:07 | Build | House |
| 8:38 | Build | Mining Camp |
| 9:11 | Build | House |
| 9:13 | Build | House |
| 9:15 | Build | House |
| 9:48 | Research | Feudal Age |
| 10:45 | Create | Villager (Male) |
| 10:45 | Create | Villager (Male) |
| 10:46 | Create | Villager (Male) |
| 11:17 | Build | Barracks |
| 11:58 | Age | Feudal Age |
| 12:13 | Create | Villager (Male) |
| 12:33 | Research | Loom |
| 12:33 | Create | Villager (Male) |
| 12:33 | Create | Villager (Male) |
| 13:23 | Build | Market |
| 13:29 | Build | Blacksmith |
| 13:42 | Build | Mining Camp |
| 13:50 | Build | Mill |
| 13:59 | Create | Villager (Male) |
| 14:05 | Create | Villager (Male) |
| 14:06 | Create | Villager (Male) |
| 14:06 | Create | Villager (Male) |
| 16:41 | Research | Castle Age |
| 17:10 | Build | Farm |
| 17:12 | Build | Farm |
| 17:13 | Build | Farm |
| 17:14 | Build | Farm |
| 17:15 | Build | Farm |
| 18:04 | Build | Farm |
| 18:07 | Build | Farm |
| 19:21 | Age | Castle Age |
| 19:27 | Build | Town Center |
| 19:34 | Build | Town Center |
| 19:40 | Create | Villager (Male) |
| 19:40 | Create | Villager (Male) |
| 19:41 | Create | Villager (Male) |
| 19:41 | Create | Villager (Male) |
| 20:09 | Build | Castle |
| 20:43 | Create | Villager (Male) |
| 20:43 | Create | Villager (Male) |
| 20:44 | Create | Villager (Male) |
| 20:44 | Create | Villager (Male) |
| 20:46 | Create | Villager (Male) |
| 20:46 | Create | Villager (Male) |
| 20:47 | Create | Villager (Male) |
| 20:47 | Create | Villager (Male) |
| 20:51 | Build | Farm |
| 20:52 | Build | Farm |
| 20:53 | Build | Farm |
| 20:55 | Create | Villager (Male) |
| 21:04 | Create | Villager (Male) |
| 21:05 | Create | Villager (Male) |
| 21:06 | Create | Villager (Male) |
| 21:33 | Build | Farm |
| 21:34 | Build | Farm |
| 21:35 | Build | Farm |
| 21:36 | Build | Farm |
| 21:39 | Build | Farm |
| 21:43 | Create | Villager (Male) |
| 22:06 | Create | Villager (Male) |
| 22:07 | Create | Villager (Male) |
| 22:21 | Build | Farm |
| 22:24 | Create | Villager (Male) |
| 22:45 | Create | Villager (Male) |
| 22:48 | Create | Villager (Male) |
| 22:49 | Create | Villager (Male) |
| 22:53 | Build | Farm |
| 22:54 | Build | Farm |
| 22:54 | Build | Farm |
| 22:56 | Build | Farm |
| 23:00 | Create | Villager (Male) |
| 23:26 | Create | Villager (Male) |
| 23:27 | Create | Villager (Male) |
| 23:32 | Create | Villager (Male) |
| 23:38 | Build | Farm |
| 23:39 | Build | Farm |
| 23:43 | Create | Villager (Male) |
| 23:45 | Create | Villager (Male) |
| 24:11 | Build | Mill |
| 24:12 | Build | Farm |
| 24:14 | Build | Farm |
| 24:15 | Build | Farm |
| 24:18 | Create | Villager (Male) |
| 24:18 | Create | Villager (Male) |
| 24:21 | Create | Villager (Male) |
| 24:21 | Create | Villager (Male) |
| 24:22 | Create | Villager (Male) |
| 24:35 | Build | Castle |
| 24:40 | Build | Farm |
| 24:43 | Create | Villager (Male) |
| 24:45 | Create | Villager (Male) |
| 24:46 | Create | Villager (Male) |
| 24:52 | Build | Farm |
| 24:53 | Build | Farm |
| 25:01 | Create | Villager (Male) |
| 25:03 | Create | Villager (Male) |
| 25:11 | Create | Villager (Male) |
| 25:18 | Build | Farm |
| 25:19 | Build | Farm |
| 25:24 | Build | Farm |
| 25:24 | Build | Farm |
| 25:35 | Create | Trade Cart |
| 25:37 | Create | Trade Cart |
| 25:39 | Create | Trade Cart |
| 26:01 | Create | Villager (Male) |
| 26:03 | Build | Farm |
| 26:03 | Build | Farm |
| 26:05 | Create | Villager (Male) |
| 26:12 | Build | Farm |
| 26:15 | Create | Villager (Male) |
| 26:22 | Build | House |
| 26:23 | Build | House |
| 26:25 | Build | House |
| 26:26 | Build | House |
| 26:27 | Build | House |
| 26:50 | Build | Farm |
Match timeline
| 0:46 | scheffler577 · wall_segment Palisade Wall x13 |
| 1:18 | nikste358 · wall_segment Palisade Wall x12 |
| 1:45 | HatedNorwegian · wall_segment Palisade Wall x11 |
| 2:40 | A P · wall_segment Palisade Wall x12 |
| 3:44 | A P · wall_segment Palisade Wall x12 |
| 5:18 | A P · wall_segment Palisade Wall x4 |
| 7:09 | nikste358 · wall_segment Palisade Wall x13 |
| 8:42 | Chewbacca · first_building Dock |
| 10:21 | scheffler577 · age_up feudal |
| 10:55 | nikste358 · first_building Barracks |
| 10:57 | scheffler577 · wall_segment Stone Wall x14 |
| 11:17 | MONA · first_building Barracks |
| 11:22 | HatedNorwegian · age_up feudal |
| 11:58 | MONA · age_up feudal |
| 12:38 | nikste358 · age_up feudal |
| 13:44 | HatedNorwegian · wall_segment Stone Wall x13 |
| 14:17 | A P · age_up feudal |
| 16:30 | A P · wall_segment Stone Wall x12 |
| 16:34 | scheffler577 · first_building Barracks |
| 16:43 | scheffler577 · first_market_sell 100 food |
| 17:57 | HatedNorwegian · first_market_sell 100 wood |
| 18:09 | nikste358 · wall_segment Stone Wall x24 |
| 18:54 | scheffler577 · first_building Stable |
| 19:21 | MONA · age_up castle |
| 19:43 | A P · first_building Barracks |
| 19:44 | scheffler577 · age_up castle |
| 19:56 | HatedNorwegian · wall_segment Stone Wall x14 |
| 20:09 | MONA · first_building Castle |
| 20:09 | HatedNorwegian · wall_segment Stone Wall x9 |
| 21:09 | A P · first_building Archery Range |
| 21:13 | HatedNorwegian · age_up castle |
| 21:30 | MONA · first_market_buy 100 wood |
| 22:38 | scheffler577 · first_building Castle |
| 23:54 | A P · age_up castle |
| 24:34 | A P · first_building Castle |
| 26:37 | A P · first_building Monastery |
| 27:09 | nikste358 · age_up castle |
| 27:13 | nikste358 · first_building Castle |
| 27:13 | MONA · first_building Siege Workshop |
| 27:48 | HatedNorwegian · first_building Barracks |
| 28:48 | A P · first_building Stable |
| 29:23 | scheffler577 · first_building Siege Workshop |
| 29:54 | HatedNorwegian · first_building Monastery |
| 30:12 | HatedNorwegian · first_building Castle |
| 31:35 | MONA · age_up imperial |
| 32:20 | HatedNorwegian · wall_segment Stone Wall x15 |
| 32:54 | MONA · first_market_sell 100 stone |
| 33:02 | HatedNorwegian · first_building Siege Workshop |
| 33:36 | HatedNorwegian · first_building Archery Range |
| 34:20 | nikste358 · first_market_buy 100 stone |
| 34:32 | scheffler577 · first_building Monastery |
| 35:22 | scheffler577 · age_up imperial |
| 35:56 | HatedNorwegian · age_up imperial |
| 37:07 | scheffler577 · first_building Archery Range |
| 40:12 | A P · age_up imperial |
| 42:22 | MONA · first_building Archery Range |
| 52:26 | A P · first_market_sell 500 wood |
| 52:42 | HatedNorwegian · resign |
[ AI ANALYSIS · 1 CREDIT ]
What really happened in this match?
Wolo.gg analyzes every decision: build order, eco, micro, common mistakes by bracket. Personalized analysis on WhatsApp or Discord in 30 seconds.
Civ guide
Huns
Map guide
Black Forest
Perfil
A P